 Dungeon Crawl Stone Soup version 0.27.1-2-g3b301248ec (webtiles) character file.

Game seed: 9947244881578679169

85 MisterFreud the Sneak (level 4, 0/41 HPs)
             Began as a Gnoll Wanderer on Sept 23, 2021.
             Was a Follower of Uskayaw.
             Slain by an adder (5 damage)
             ... on level 3 of the Dungeon.
             The game lasted 00:03:42 (3155 turns).

MisterFreud the Sneak (Gnoll Wanderer)              Turns: 3155, Time: 00:03:42

Health: 0/41       AC:  2    Str: 10    XL:     4   Next: 48%
Magic:  5/5        EV: 12    Int: 11    God:    Uskayaw [*.....]
Gold:   21         SH:  0    Dex: 14    Spells: 5/5 levels left

rFire    . . .     SeeInvis +   a - +0 dagger
rCold    . . .     Faith    .   (no shield)
rNeg     . . .     Spirit   .   e - +0 robe
rPois    +         Reflect  .   (no helmet)
rElec    .         Harm     .   (no cloak)
rCorr    .         Rampage  .   (no gloves)
Will     .....                  (no boots)
Stlth    ++++......             (no amulet)
HPRegen  0.13/turn              n - ring of poison resistance
MPRegen  0.09/turn              q - ring of see invisible

@: lethally poisoned (0 -> -2)
A: fangs 1, strong nose, distributed training
a: Renounce Religion, Stomp


You were on level 3 of the Dungeon.
You worshipped Uskayaw.
Uskayaw was noncommittal.
You visited 1 branch of the dungeon, and saw 3 of its levels.

You collected 121 gold pieces.
You spent 100 gold pieces at shops.

Inventory:

Hand Weapons
 a - a +0 dagger (weapon)
Missiles
 g - 4 boomerangs (quivered)
Armour
 e - a +0 robe (worn)
Jewellery
 n - a ring of poison resistance (left hand)
 q - a ring of see invisible (right hand)
Scrolls
 c - 2 scrolls of teleportation
 f - a scroll of blinking
 i - a scroll of identify {unknown}
 j - a scroll of noise {unknown}
 k - a scroll of fear {unknown}
 l - a scroll of enchant armour {unknown}
 o - a scroll of silence {unknown}
 r - a scroll of brand weapon {unknown}
Potions
 b - a potion of heal wounds
 d - 2 potions of curing
 h - a potion of invisibility {unknown}
 m - a potion of ambrosia {unknown}
 p - a potion of haste


   Skills:
 + Level 6.6 Fighting
 + Level 1.1 Short Blades
 + Level 1.1 Long Blades
 + Level 1.1 Axes
 + Level 1.1 Maces & Flails
 + Level 1.1 Polearms
 + Level 2.7 Staves
 + Level 1.1 Slings
 + Level 1.1 Bows
 + Level 1.1 Crossbows
 + Level 1.1 Throwing
 + Level 1.1 Armour
 + Level 2.7 Dodging
 + Level 7.8 Stealth
 + Level 1.1 Shields
 + Level 2.7 Unarmed Combat
 + Level 1.1 Spellcasting
 + Level 0.9 Conjurations
 + Level 0.9 Hexes
 + Level 0.9 Summonings
 + Level 0.9 Necromancy
 + Level 0.9 Translocations
 + Level 0.9 Transmutations
 + Level 0.9 Fire Magic
 + Level 0.9 Ice Magic
 + Level 0.9 Air Magic
 + Level 0.9 Earth Magic
 + Level 0.9 Poison Magic
 + Level 1.2 Invocations
 + Level 1.1 Evocations


You had 5 spell levels left.
You didn't know any spells.
Your spell library contained the following spells:

 Spells                   Type           Power      Damage    Failure   Level
 Tukima's Dance           Hex            2%         N/A       54%         3
 Passage of Golubria      Tloc           N/A        N/A       91%         4
 Yara's Violent Unravell  Hex/Tmut       1%         3d3       99%         5


Dungeon Overview and Level Annotations

Branches:
Dungeon (3/15)

Altars:
Ashenzari
Uskayaw
Wu Jian

Shops:
D:3 !!:(


Innate Abilities, Weirdness & Mutations

You have very sharp teeth.
Your uncanny sense of smell can sniff out nearby items.
Your experience applies equally to all skills.


Message History

You hit the adder.
The adder is severely wounded.
The adder misses you.
You closely miss the adder.
The adder is severely wounded.
The adder bites you.
You closely miss the adder.
The adder is severely wounded.
The adder bites you.
You are poisoned.
The adder poisons you! The adder misses you.
You barely miss the adder.
The adder is severely wounded.
You feel sick. The adder bites you.
You are more poisoned.
The adder poisons you!
You are too injured to fight recklessly!
You are too injured to fight recklessly!
You are too injured to fight recklessly!
You hit the adder but do no damage.
The adder is severely wounded.
* * * LOW HITPOINT WARNING * * *
You feel very sick. The adder bites you but does no damage.
You barely miss the adder. Your bite misses the adder.
The adder is severely wounded.
You feel sick. The adder barely misses you.
You hit the adder but do no damage.
The adder is severely wounded.
You feel sick. The adder closely misses you.
You closely miss the adder.
The adder is severely wounded.
You feel sick. The adder closely misses you. x2
You hit the adder but do no damage.
The adder is severely wounded.
You feel sick. The adder barely misses you.
You hit the adder but do no damage.
The adder is severely wounded.
You feel sick. The adder bites you.
You die...

(.### ##.... .....# .... #...
..# #S# #@# #.# ##'## #.#
##...## #.# # ### ##.....##
##.# #.##.## ##.......## ##..#
#.#÷..####.........####...#####
#.......†'.........+...........
#.....####.........##.......###
#.##..# ##.......###.##..#.###


You could see an adder.

Vanquished Creatures
  A gnoll (D:1)
  3 adders
  A worm (D:2)
  4 dart slugs
  4 ball pythons
  4 endoplasms
  7 goblins
  4 hobgoblins
  A quokka (D:2)
  4 bats
  A frilled lizard (D:2)
  3 kobolds (D:2)
  3 rats
40 creatures vanquished.

Vanquished Creatures (others)
  A plant (D:2)
1 creature vanquished.

Grand Total: 41 creatures vanquished

Notes
Turn   | Place    | Note
-------+----------+-------------------------------------------
     0 | D:1      | MisterFreud the Gnoll Wanderer began the quest for the Orb.
     0 | D:1      | MisterFreud set off with the following items: a +0 dagger,
                  | a potion of heal wounds, a scroll of teleportation, a
                  | potion of curing, a +0 robe, a scroll of blinking
     0 | D:1      | Reached XP level 1. HP: 23/23 MP: 1/1
     3 | D:1      | Noticed an electric eel
     4 | D:1      | Noticed an electric eel
    18 | D:1      | Found a faded altar of an unknown god.
    28 | D:1      | Became a worshipper of Uskayaw the Reveller
    28 | D:1      | Reached * piety under Uskayaw
   166 | D:1      | Reached ** piety under Uskayaw
   186 | D:1      | Reached XP level 2. HP: 29/29 MP: 2/2
   895 | D:1      | Reached XP level 3. HP: 35/35 MP: 2/4
  1037 | D:2      | Reached skill level 1 in Invocations
  1390 | D:2      | Reached skill level 1 in Short Blades
  1390 | D:2      | Reached skill level 1 in Long Blades
  1390 | D:2      | Reached skill level 1 in Axes
  1390 | D:2      | Reached skill level 1 in Maces & Flails
  1390 | D:2      | Reached skill level 1 in Polearms
  1390 | D:2      | Reached skill level 1 in Slings
  1390 | D:2      | Reached skill level 1 in Bows
  1390 | D:2      | Reached skill level 1 in Crossbows
  1390 | D:2      | Reached skill level 1 in Throwing
  1390 | D:2      | Reached skill level 1 in Armour
  1390 | D:2      | Reached skill level 1 in Shields
  1390 | D:2      | Reached skill level 1 in Spellcasting
  1390 | D:2      | Reached skill level 1 in Evocations
  1864 | D:2      | Found an ornate altar of the Wu Jian Council.
  1881 | D:2      | Reached XP level 4. HP: 25/41 MP: 5/5
  2639 | D:3      | Found Efimusoh's Weapon Shop.
  2669 | D:3      | Found a broken altar of Ashenzari.
  2783 | D:3      | Found Yppuriq's Book Boutique.
  2811 | D:3      | Found Fyube's Distillery.
  2820 | D:3      | Bought a potion of haste for 100 gold pieces
  2860 | D:3      | Found Tuese's Distillery.
  3155 | D:3      | Slain by an adder

Illustrated notes

Levels and vault maps discovered:
D:1:      arrival_aquarium_b, layout_basic,
          chequers_ecumenical_altar_simple_redux
D:2:      layout_basic, basic_altar, minmay_misc_feat_secret_circle,
          serial_bayou_pond_b
D:3:      layout_loops_corners, evilmike_ruin_ashenzari, serial_shops,
          nicolae_lakefront_shop, shop, shop,
          nicolae_shop_competitors_out_of_business, shop

Skill      XL: |  1  2  3 |
---------------+----------+-----
Invocations    | 1 |  1.2
Short Blades   | 1 |  1.1
Long Blades    | 1 |  1.1
Axes           | 1 |  1.1
Maces & Flails | 1 |  1.1
Polearms       | 1 |  1.1
Slings         | 1 |  1.1
Bows           | 1 |  1.1
Crossbows      | 1 |  1.1
Throwing       | 1 |  1.1
Armour         | 1 |  1.1
Shields        | 1 |  1.1
Spellcasting   | 1 |  1.1
Evocations     | 1 |  1.1
Fighting       | |  6.6
Staves         | |  2.7
Dodging        | |  2.7
Stealth        | |  7.8
Unarmed Combat | |  2.7
Conjurations   | |  0.9
Hexes          | |  0.9
Summonings     | |  0.9
Necromancy     | |  0.9
Translocations | |  0.9
Transmutations | |  0.9
Fire Magic     | |  0.9
Ice Magic      | |  0.9
Air Magic      | |  0.9
Earth Magic    | |  0.9
Poison Magic   | |  0.9

Action                   |  1- 3 |  4- 6 || total
-------------------------+-------+-------++-------
Melee: Dagger            |   127 |    78 ||   205
       Bite              |    10 |     6 ||    16
       Punch             |     1 |     2 ||     3
 Stab: Sleeping          |     8 |     3 ||    11
Armor: Robe              |    24 |     9 ||    33
Dodge: Dodged            |    85 |    42 ||   127
